Map: Sanctuary III LE

Players

Reynor - Winner!

  • Race: Zerg Zerg
  • League: Master
  • Spawn Location: 7:00

HolyHit

  • Race: Protoss Protoss
  • League: Grandmaster
  • Spawn Location: 1:00

Event: HomeStory Cup XXIX

VOD

Have the link to the VOD?

Description

Time

  • Played on: July 3, 2026, 6:24 a.m.
  • Length: 10:11

All games in this series

Show
View Real Time Build Order
Export as new Build Order

Reynor Zerg - Winner!

Build Orders: Hatch First 

Get SALT Encoding   

  8  0:00  Drone  
  9  0:10  Drone  
  10  0:16  Drone  
  11  0:28  Overlord  
  11  0:33  Drone  
  12  0:46  Drone x2  
  14  0:51  Drone  
  15  1:00  Drone  
  16  1:16  Hatchery  
  15  1:19  Drone  
  15  1:23  Drone  
  17  1:29  Drone  
  18  1:37  Extractor  
  17  1:43  Spawning Pool  
  17  1:45  Drone  
  17  1:49  Drone  
  18  1:59  Drone  
  19  2:09  Overlord  
  19  2:20  Drone  
  20  2:29  Queen x2  
  24  2:30  Drone, Zergling x2  
  26  2:39  Drone, Zergling x2  
  26  2:43  Metabolic Boost  
  28  2:50  Drone  
  29  2:52  Overlord  
  29  3:00  Zergling x2  
  29  3:02  Drone  
  31  3:13  Hatchery  
  31  3:15  Drone  
  31  3:19  Zergling x2  
  32  3:20  Zergling x2  
  32  3:26  Drone  
  34  3:28  Drone  
  34  3:29  Overlord  
  35  3:37  Drone x3  
  35  3:39  Drone  
  39  3:43  Zergling x2  
  39  3:47  Queen  
  42  3:50  Drone  
  42  3:53  Overlord  
  43  3:57  Zergling x2  
  43  3:59  Drone  
  43  4:00  Drone  
  46  4:05  Drone  
  46  4:07  Spore Crawler  
  46  4:13  Drone x2  
  46  4:14  Drone  
  46  4:15  Drone  
  46  4:16  Drone  
  49  4:18  Drone x2  
  49  4:23  Overlord  
  51  4:26  Drone x2  
  51  4:29  Drone  
  54  4:31  Spore Crawler  
  54  4:36  Drone x2  
  55  4:41  Queen  
  55  4:43  Drone x2  
  55  4:44  Drone  
  60  4:50  Spore Crawler, Drone x3  
  62  4:53  Overlord  
  62  4:55  Drone  
  62  5:01  Queen  
  62  5:02  Drone  
  65  5:10  Overlord  
  65  5:12  Drone x4  
  69  5:15  Roach Warren  
  69  5:16  Drone x3  
  69  5:18  Zergling x2  
  72  5:22  Lair  
  72  5:23  Zergling x4  
  72  5:26  Drone x2  
  76  5:29  Drone, Overlord  
  76  5:32  Drone  
  78  5:36  Drone x2  
  78  5:42  Drone  
  77  5:45  Overlord  
  77  5:46  Drone  
  76  5:50  Extractor  
  76  5:51  Zergling x10, Evolution Chamber  
  76  5:52  Hatchery  
  76  5:54  Zergling x4  
  80  5:57  Drone x2  
  80  5:59  Queen  
  80  6:02  Overlord  
  82  6:06  Zergling x2  
  82  6:08  Drone  
  82  6:10  Extractor  
  83  6:11  Overlord  
  83  6:13  Extractor  
  82  6:21  Drone x7  
  87  6:26  Overlord  
  87  6:27  Drone  
  87  6:28  Overseer, Extractor  
  87  6:31  Zergling x8  
  91  6:34  Zergling x2  
  91  6:35  Hydralisk Den  
  91  6:38  Extractor, Drone x2  
  92  6:41  Zerg Melee Weapons Level 1  
  92  6:44  Overlord  
  92  6:50  Hatchery  
  92  6:53  Zergling x6  
  94  6:58  Overlord x2  
  94  7:01  Overlord  
  94  7:04  Hydralisk x6  
  106  7:09  Zergling x4  
  106  7:10  Grooved Spines  
  106  7:11  Zergling x6  
  106  7:15  Hydralisk x2  
  111  7:18  Hydralisk  
  111  7:19  Zergling x2  
  118  7:24  Hydralisk x2  
  118  7:28  Overlord  
  118  7:29  Hydralisk x2  
  121  7:30  Zergling x8  
  121  7:31  Zergling x2  
  121  7:34  Overlord  
  130  7:39  Hydralisk x2  
  130  7:40  Hydralisk  
  130  7:41  Zergling x6  
  137  7:44  Zergling x4  
  137  7:45  Zergling x4  
  137  7:49  Hydralisk  
  139  7:53  Overlord  
  139  7:54  Overlord  
  139  7:55  Hydralisk  
  139  7:58  Hydralisk x2  
  141  7:59  Zergling x2  
  141  8:03  Muscular Augments  
  141  8:04  Zergling x6  
  149  8:10  Hydralisk  
  148  8:15  Hydralisk, Zergling x4  
  148  8:16  Zergling x2  
  149  8:25  Hydralisk  
  149  8:26  Zergling x16  
  156  8:31  Queen, Baneling Nest  
  156  8:33  Hydralisk x2  
  160  8:34  Hydralisk  
  160  8:39  Drone x2  
  164  8:44  Zergling x4  
  164  8:46  Hydralisk  
  167  8:50  Zergling x2  
  167  8:52  Hydralisk  
  167  8:53  Zergling x8  
  170  9:00  Hydralisk, Zergling x4  
  170  9:01  Zergling x2  
  173  9:04  Overlord  
  173  9:06  Hydralisk, Zergling x2  
  173  9:07  Zergling x2  
  174  9:10  Overlord x3  
  174  9:20  Zergling x4  
  174  9:22  Overlord  
  169  9:27  Hydralisk, Zergling x8  
  169  9:28  Zergling x2  
  175  9:32  Zergling x8  
  175  9:37  Zergling x4  
  174  9:40  Overseer  
  174  9:43  Hydralisk  
  174  9:44  Zergling x8  
  162  9:46  Zergling x2  
  162  9:50  Zergling x12  
  162  9:51  Zergling x2  
Show
View Real Time Build Order
Export as new Build Order

HolyHit Protoss 

Build Orders: Oracle Opening 

Get SALT Encoding   

  8  0:00  Probe (Chrono Boost)  
  9  0:12  Probe (Chrono Boost)  
  10  0:17  Probe (Chrono Boost)  
  11  0:27  Probe  
  12  0:33  Pylon  
  12  0:40  Probe  
  13  0:52  Probe  
  14  0:59  Gateway  
  14  1:05  Probe (Chrono Boost)  
  14  1:10  Assimilator  
  15  1:17  Probe (Chrono Boost)  
  16  1:25  Probe (Chrono Boost)  
  17  1:31  Probe  
  18  1:43  Probe  
  19  1:56  Nexus  
  19  2:08  Cybernetics Core  
  19  2:11  Probe  
  19  2:15  Assimilator  
  20  2:23  Probe  
  20  2:26  Pylon  
  21  2:41  Adept (Chrono Boost)  
  22  2:44  Probe  
  24  2:55  Stargate  
  24  2:56  Probe  
  25  3:03  Adept (Chrono Boost)  
  25  3:08  Probe  
  25  3:09  Probe (Chrono Boost)  
  25  3:10  Warp Gate  
  29  3:20  Probe (Chrono Boost)  
  31  3:27  Probe (Chrono Boost)  
  31  3:29  Stalker  
  31  3:30  Probe (Chrono Boost)  
  35  3:34  Probe (Chrono Boost)  
  35  3:35  Probe (Chrono Boost)  
  36  3:45  Probe  
  36  3:46  Oracle (Chrono Boost), Probe  
  41  3:50  Pylon  
  41  3:57  Probe  
  42  4:08  Probe  
  42  4:09  Probe  
  40  4:20  Probe  
  40  4:21  Oracle (Chrono Boost), Gateway, Probe  
  45  4:29  Nexus  
  45  4:32  Probe  
  46  4:39  Probe  
  46  4:40  Pylon  
  46  4:44  Assimilator, Probe  
  48  4:49  Twilight Council  
  48  4:54  Probe  
  48  4:56  Probe  
  49  5:05  Adept  
  49  5:06  Probe  
  52  5:08  Probe  
  53  5:15  Pylon  
  53  5:18  Blink (Chrono Boost), Probe  
  53  5:20  Gateway, Adept  
  56  5:21  Probe  
  57  5:34  Pylon  
  57  5:39  Adept  
  60  5:44  Probe (Chrono Boost)  
  60  5:46  Probe (Chrono Boost)  
  60  5:47  Gateway x2  
  60  5:50  Gateway  
  60  5:51  Adept  
  60  5:53  Probe (Chrono Boost)  
  64  5:57  Probe (Chrono Boost)  
  64  5:58  Probe (Chrono Boost)  
  64  6:01  Probe (Chrono Boost)  
  65  6:07  Probe x2  
  65  6:10  Gateway x2  
  67  6:12  Probe  
  68  6:22  Probe  
  68  6:23  Stalker x3  
  69  6:25  Probe  
  69  6:26  Probe  
  69  6:31  Shield Battery  
  71  6:33  Oracle  
  71  6:34  Probe  
  71  6:37  Probe  
  71  6:38  Probe, Forge  
  77  6:42  Pylon  
  77  6:47  Stalker x2  
  79  6:50  Stalker  
  83  7:01  Charge (Chrono Boost)  
  83  7:04  Stalker x2  
  83  7:05  Probe  
  83  7:07  Probe x2  
  90  7:09  Pylon, Assimilator  
  90  7:15  Stalker x2  
  94  7:26  Pylon  
  94  7:27  Stalker x2  
  98  7:30  Probe  
  98  7:31  Probe x2  
  98  7:34  Photon Cannon  
  101  7:37  Zealot  
  101  7:44  Pylon  
  103  7:46  Pylon  
  103  7:54  Protoss Ground Weapons Level 1 (Chrono Boost)  
  103  7:56  Probe  
  104  7:58  Assimilator  
  104  8:11  Nexus  
  104  8:12  Pylon  
  104  8:14  Stalker  
  104  8:15  Stalker  
  104  8:16  Zealot x6  
  113  8:25  Photon Cannon  
  113  8:26  Photon Cannon  
  113  8:32  Templar Archives  
  110  8:38  Stalker x2  
  110  8:40  Stalker x5  
  122  8:42  Zealot  
  124  8:59  Probe  
  124  9:01  Pylon  
  123  9:09  Probe  
  104  9:12  Shield Battery, Stalker x4  
  104  9:13  Stalker x3  
  104  9:14  Shield Battery  
  104  9:16  Photon Cannon  
  118  9:17  Probe x2  
  110  9:25  Zealot  
  103  9:35  Zealot x6  
  100  9:39  Zealot  
  80  9:47  Zealot  
  80  9:52  Probe  
  63  9:53  Zealot x3  
Tags
 
Add a new tag
Caveats
  • Supply blocks, unpowered buildings, or Contaminate may cause inaccurate times.
  • Supply counts are checked every 10 seconds.